 Dungeon Crawl Stone Soup version 0.20-a0-700-gbd4582c (webtiles) character file.

88 AlphabetPasta the Conjurer (level 4, -4/30 HPs)
             Began as a Barachian Conjurer on Feb 19, 2017.
             Killed by nerve-wracking pain
             ... invoked by Grinder
              (14 damage)
             ... on level 3 of the Dungeon.
             The game lasted 00:08:49 (2657 turns).

AlphabetPasta the Conjurer (Barachian Conjurer)     Turns: 2657, Time: 00:08:49

Health: -4/30      AC:  2    Str:  9    XL:     4   Next: 53%
Magic:  0/8        EV: 12    Int: 16    God:
Gold:   110        SH:  0    Dex: 12    Spells: 2/8 levels left

rFire    . . .     SeeInvis .   i - +0 rapier
rCold    . . .     Gourm    .   a - +0 robe
rNeg     . . .     Faith    .   (no shield)
rPois    .         Spirit   .   (no helmet)
rElec    .         Reflect  .   (no cloak)
rCorr    .         Harm     .   (no gloves)
MR       .....                  (no boots)
Stlth    ++........             (no amulet)
Regen    0.1/turn               (no ring)
MPRegen  0.2/turn               (no ring)

@: slow
A: swims, slowness 1, strong legs 1
a: Hop


You were on level 3 of the Dungeon.
You were not hungry.

You visited 1 branch of the dungeon, and saw 3 of its levels.

You collected 110 gold pieces.

Inventory:

Hand Weapons
 g - a +0 dagger
 i - a +0 rapier (weapon)
Armour
 a - a +0 robe (worn)
 e - a +0 buckler
Potions
 d - a potion of magic {unknown}
 f - 2 potions of cancellation {unknown}
 h - a potion of might {unknown}
 j - 2 potions of resistance
 k - a potion of haste {unknown}
 l - a potion of curing {unknown}
Books
 b - a book of Conjurations

   Spells                             Type                      Level
   a - Magic Dart                     Conjuration                  1
   b - Searing Ray                    Conjuration                  2
   c - Dazzling Spray                 Conjuration/Hexes            3
   d - Fulminant Prism                Conjuration/Hexes            4
   e - Force Lance                    Conjuration/Translocation    4
   f - Iskenderun's Mystic Blast      Conjuration                  4
Comestibles
 c - a bread ration
 m - 7 chunks of flesh


   Skills:
 - Level 2.0 Dodging
 - Level 2.0 Stealth
 + Level 2.8 Spellcasting
 * Level 5.3 Conjurations


You had 2 spell levels left.
You knew the following spells:

 Your Spells              Type           Power        Failure   Level  Hunger
a - Magic Dart            Conj           ###.         1%          1    #......
b - Searing Ray           Conj           ###...       3%          2    ##.....
c - Dazzling Spray        Conj/Hex       ##....       21%         3    ###....


Dungeon Overview and Level Annotations

Branches:
Dungeon (3/15)

Altars:
Elyvilon
Okawaru

Annotations:
D:3 Grinder


Innate Abilities, Weirdness & Mutations

You can swim through water.
You cover ground slowly.
You can hop short distances.


Message History

Grinder gestures at you. Pain shoots through your body!
Casting: Magic Dart
Confirm with . or Enter, or press ? or * to list all spells.
Aiming: Magic Dart
Press: ? - help, Shift-Dir - straight line, f/p - Grinder
Aim: Grinder (heavily wounded)
The magic dart hits Grinder.
Grinder is heavily wounded.
Grinder hits you!
You writhe in agony.
Casting: Magic Dart
Confirm with . or Enter, or press ? or * to list all spells.
Aiming: Magic Dart
Press: ? - help, Shift-Dir - straight line, f/p - Grinder
Aim: Grinder (heavily wounded)
The magic dart hits Grinder.
Grinder is heavily wounded.
Grinder gestures at you. Pain shoots through your body!
You die...

#.##.###>## #.#
#.#.## ##.##### #.#
#..## ##....# #.#
###.## #.....# #.#
##..##########
##.#### #....#.#.# #
#.....#
#..##8.#.#.#.#
##.##.#
#..#..........
##.##.#
####..>..@5......
#..##.#
#.......8.#.#.#.#
#..##.#
#.##.##.###_#
#..##.# # #.##.#
##########.....#
#.....
#...........####
####.......##.####.#
#o###.####.####.#
..# #.#.........# ##
#.#.##.######


You could see Grinder.

Vanquished Creatures
  An adder (D:3)
  A gnoll (D:1)
  2 worms
  3 dart slugs
  A leopard gecko (D:1)
  A ball python (D:2)
  2 bats
  4 giant cockroaches
  6 hobgoblins
  7 jackals
  2 quokkas
  3 frilled lizards (D:1)
  7 goblins
  8 kobolds
  5 rats
53 creatures vanquished.

Notes
Turn   | Place    | Note
-------+----------+-------------------------------------------
     0 | D:1      | AlphabetPasta the Barachian Conjurer began the quest for the Orb.
     0 | D:1      | Reached XP level 1. HP: 13/13 MP: 3/3
   359 | D:1      | Learned a level 1 spell: Magic Dart
   388 | D:1      | Reached XP level 2. HP: 19/19 MP: 5/5
   392 | D:1      | Learned a level 2 spell: Searing Ray
   657 | D:1      | Reached XP level 3. HP: 18/24 MP: 2/6
  1334 | D:2      | Learned a level 3 spell: Dazzling Spray
  1563 | D:2      | Found a white marble altar of Elyvilon.
  1646 | D:2      | Reached skill level 5 in Conjurations
  1837 | D:2      | Reached XP level 4. HP: 30/30 MP: 5/7
  2614 | D:3      | Found an iron altar of Okawaru.
  2649 | D:3      | Noticed Grinder
  2657 | D:3      | Killed from afar by Grinder

Vault maps used:
D:1:      mrwooster_arrival_statue_2, serial_bayou_crossing
D:2:      elyvilon_altar_1, kennysheep_cluttered_room
D:3:      minitemple, uniq_grinder

Skill      XL: |  1  2  3 |
---------------+----------+-----
Conjurations   | 5 |  5.3
Dodging        | |  2.0
Stealth        | |  2.0
Spellcasting   | |  2.8

Action                   |  1- 3 |  4- 6 || total
-------------------------+-------+-------++-------
Melee: Unarmed           |     8 |       ||     8
       Dagger            |    12 |       ||    12
       Rapier            |     1 |     3 ||     4
 Cast: Magic Dart        |    55 |    22 ||    77
       Searing Ray       |     4 |     4 ||     8
 Abil: Hop               |     1 |       ||     1
  Use: Scroll            |     3 |     1 ||     4
 Stab: Sleeping          |     5 |     1 ||     6
  Eat: Chunk             |     4 |     3 ||     7
Armor: Robe              |     1 |     1 ||     2
Dodge: Dodged            |    21 |     4 ||    25
